Map: Blackpink LE

Players

Mervin

  • Race: Terran Terran
  • Spawn Location: 1:00

Infamous - Winner!

  • Race: Protoss Protoss
  • League: Silver
  • Spawn Location: 7:00

VOD

Have the link to the VOD?

Description

Time

  • Played on: April 4, 2018, 5:57 p.m.
  • Length: 9:16
Show
View Real Time Build Order
Export as new Build Order

Mervin Terran 

Build Orders:  

Get SALT Encoding   

  12  0:34  Refinery  
  12  0:39  SCV  
  13  0:51  SCV  
  14  1:03  SCV  
  15  1:58  Supply Depot  
  15  2:43  Barracks  
  15  3:01  Supply Depot  
  15  3:37  Engineering Bay  
  15  3:38  Marine  
  16  3:55  SCV  
  17  3:56  Marine  
  18  4:07  SCV  
  19  4:10  Refinery  
  19  4:14  Marine  
  20  4:19  SCV  
  21  4:32  Marine  
  22  4:49  Marine  
  23  5:12  Sensor Tower  
  23  5:39  Terran Infantry Weapons Level 1  
  23  5:41  Barracks  
  23  6:24  Planetary Fortress  
  22  7:09  Barracks Reactor  
  22  7:12  Marine  
  23  7:30  Marine  
  23  7:33  Hi-Sec Auto Tracking  
  24  7:47  Marine  
  25  8:05  Marine  
  26  8:21  Supply Depot  
  26  8:23  Marine  
  18  8:42  Reaper  
Show
View Real Time Build Order
Export as new Build Order

Infamous Protoss - Winner!

Build Orders:  

Get SALT Encoding   

  12  0:01  Probe  
  13  0:13  Probe  
  14  0:21  Pylon  
  14  0:25  Probe (Chrono Boost)  
  15  0:39  Gateway  
  15  0:41  Probe (Chrono Boost)  
  16  0:45  Probe (Chrono Boost)  
  17  0:55  Assimilator  
  17  0:56  Probe  
  18  1:09  Probe, Gateway  
  19  1:21  Probe  
  20  1:33  Probe  
  20  1:34  Cybernetics Core  
  20  1:37  Zealot (Chrono Boost)  
  23  1:55  Pylon  
  23  2:10  Warp Gate  
  23  2:11  Stalker (Chrono Boost)  
  23  2:13  Probe  
  28  2:21  Stalker (Chrono Boost)  
  28  2:25  Probe  
  29  2:37  Probe, Gateway x2  
  30  2:50  Probe  
  31  2:58  Forge  
  31  2:59  Assimilator  
  31  3:02  Pylon  
  31  3:06  Pylon  
  31  3:19  Sentry (Chrono Boost)  
  34  3:20  Probe  
  34  3:32  Probe  
  35  3:43  Robotics Facility  
  35  3:44  Probe  
  35  3:47  Nexus  
  36  3:56  Probe  
  37  4:08  Probe  
  37  4:09  Gateway  
  38  4:12  Twilight Council  
  38  4:24  Gateway  
  38  4:29  Probe  
  39  4:32  Observer  
  40  4:39  Sentry  
  40  4:41  Zealot x2  
  40  4:44  Probe  
  47  4:58  Probe (Chrono Boost)  
  49  5:00  Charge (Chrono Boost)  
  49  5:05  Probe (Chrono Boost)  
  49  5:09  Probe (Chrono Boost), Zealot x3  
  49  5:13  Probe (Chrono Boost)  
  57  5:29  Stalker  
  57  5:30  Stalker  
  61  5:39  Assimilator  
  61  5:41  Assimilator  
  61  6:09  Probe  
  62  6:16  Templar Archives  
  62  6:24  Pylon  
  62  6:27  Pylon  
  62  6:28  Protoss Ground Armor Level 1 (Chrono Boost)  
  62  6:31  Pylon  
  62  6:41  Forge  
  62  6:42  Immortal  
  66  6:53  Stalker x4  
  66  6:54  Stalker x2  
  78  7:07  Probe x2  
  80  7:17  Robotics Bay  
  80  7:22  Zealot x3  
  86  7:51  Psionic Storm  
  86  8:00  Nexus  
  86  8:02  Pylon  
  86  8:04  Pylon  
  86  8:06  Pylon  
  86  8:09  Pylon  
  80  8:36  Stalker x4  
  80  8:37  Stalker x2  
  88  8:43  Probe x2  
  90  8:55  Probe  
  91  9:03  Probe  
  91  9:08  Zealot x4  
Tags
 
League
Silver
Matchup
PvT
Replay Pack
Last Remnant (2)
Spawn Locations
Cross Positions
Add a new tag
Caveats
  • Supply blocks, unpowered buildings, or Contaminate may cause inaccurate times.
  • Supply counts are checked every 10 seconds.